Map: Golden Wall LE

Players

JohnnyV

  • Race: Terran Terran
  • League: Silver
  • Spawn Location: 5:00

봉봉이 - Winner!

  • Race: Protoss Protoss
  • Spawn Location: 7:00

VOD

Have the link to the VOD?

Description

Time

  • Played on: May 23, 2020, 11:47 a.m.
  • Length: 7:20
Show
View Real Time Build Order
Export as new Build Order

JohnnyV Terran 

Build Orders:  

Get SALT Encoding   

  12  0:01  SCV  
  13  0:17  SCV, Supply Depot  
  14  0:29  SCV  
  14  0:30  Refinery  
  15  0:42  Barracks  
  15  0:45  SCV  
  16  0:57  SCV  
  17  1:05  Refinery  
  17  1:09  SCV  
  18  1:21  SCV  
  19  1:33  SCV  
  19  1:37  Supply Depot  
  19  1:38  Reaper  
  21  1:45  SCV  
  22  1:47  Factory  
  22  1:57  SCV  
  23  2:10  SCV  
  23  2:15  Bunker  
  24  2:20  Barracks Tech Lab  
  24  2:22  SCV  
  25  2:32  Factory Tech Lab  
  25  2:36  Starport  
  25  2:39  Marine  
  26  2:55  Siege Tank  
  26  2:57  Marine  
  30  3:15  Marine  
  31  3:53  Marine  
  31  3:56  Starport Reactor  
  31  4:02  Command Center  
  31  4:12  Engineering Bay  
  31  4:14  Engineering Bay  
  31  4:17  Supply Depot  
  31  4:18  Supply Depot  
  31  4:28  Orbital Command  
  31  4:38  Marine, Viking x2, Siege Tank  
  39  4:46  Missile Turret  
  40  5:01  Combat Shield  
  40  5:03  Marine  
  40  5:11  Missile Turret  
  40  5:12  Terran Infantry Weapons Level 1, Terran Infantry Armor Level 1  
  40  5:22  Siege Tank  
  43  5:33  Barracks  
  43  5:43  Orbital Command  
  43  5:45  Marine  
  44  6:00  Cyclone  
  47  6:04  Supply Depot  
  47  6:15  SCV x2  
  49  6:21  Barracks Reactor  
  49  6:22  Viking  
  51  6:31  SCV x2  
  50  6:45  Marine  
Show
View Real Time Build Order
Export as new Build Order

봉봉이 Protoss - Winner!

Build Orders:  

Get SALT Encoding   

  12  0:01  Probe (Chrono Boost)  
  13  0:13  Probe (Chrono Boost)  
  14  0:18  Pylon  
  14  0:21  Probe (Chrono Boost)  
  15  0:37  Gateway  
  15  0:39  Probe  
  16  0:44  Assimilator  
  16  0:51  Probe  
  16  0:53  Assimilator  
  17  1:03  Probe (Chrono Boost)  
  18  1:13  Probe (Chrono Boost)  
  18  1:18  Probe (Chrono Boost)  
  19  1:24  Cybernetics Core  
  20  1:29  Pylon  
  20  1:32  Probe  
  21  1:45  Probe  
  22  1:57  Probe  
  23  2:02  Stargate  
  23  2:20  Nexus  
  23  2:26  Stargate  
  23  2:35  Pylon  
  23  2:38  Zealot (Chrono Boost)  
  25  2:44  Probe  
  25  2:57  Probe  
  26  3:03  Void Ray  
  30  3:09  Probe  
  31  3:30  Probe (Chrono Boost)  
  32  3:39  Void Ray (Chrono Boost)  
  32  3:40  Probe (Chrono Boost)  
  33  3:45  Probe x2 (Chrono Boost)  
  39  3:56  Probe  
  39  3:57  Probe  
  41  4:08  Probe  
  41  4:09  Probe  
  43  4:14  Robotics Facility  
  43  4:16  Void Ray (Chrono Boost)  
  47  4:21  Probe, Pylon  
  48  4:25  Probe  
  49  4:33  Probe  
  50  4:42  Assimilator  
  51  4:45  Probe  
  51  4:46  Void Ray (Chrono Boost), Assimilator  
  55  4:57  Probe, Stargate  
  56  5:09  Probe  
  57  5:15  Void Ray (Chrono Boost)  
  61  5:22  Probe  
  62  5:29  Pylon  
  62  5:46  Void Ray  
  62  5:47  Probe, Observer  
  68  5:56  Void Ray  
  70  6:02  Pylon  
  70  6:04  Pylon  
  70  6:05  Pylon  
  70  6:07  Pylon  
  70  6:20  Probe, Void Ray  
Tags
 
League
Silver
Matchup
PvT
Spawn Locations
Close Positions
Add a new tag
Caveats
  • Supply blocks, unpowered buildings, or Contaminate may cause inaccurate times.
  • Supply counts are checked every 10 seconds.